 Dungeon Crawl Stone Soup version 0.30-a0-726-gd89dcf765f (webtiles) character file.

Game seed: 8077605661107829012

322 scionoferis the Shooter (level 6, -6/46 HPs)
             Began as a Demigod Hexslinger on Jan 29, 2023.
             Mangled by a mummy (7 damage)
             ... in an ossuary.
             The game lasted 00:11:11 (2639 turns).

scionoferis the Shooter (Demigod Hexslinger)        Turns: 2639, Time: 00:11:12

Health: -6/46      AC:  9    Str: 11    XL:     6   Next: 2%
Magic:  10/10      EV: 13    Int: 15    God:
Gold:   302        SH:  4    Dex: 22    Spells: 6/7 levels left

rFire   + + .      SeeInvis +    a - +2 whip (venom)
rCold   + . .      Faith    .    n - +0 buckler
rNeg    . . .      Spirit   .    v - +2 robe {Will+}
rPois   +          Reflect  .    (no helmet)
rElec   +          Harm     .    p - +0 cloak
rCorr   +          Rampage  .    B - +2 pair of gloves
Will    +....                    x - +0 pair of boots
Stlth   +++                      (no amulet)
HPRegen 0.27/turn                f - ring of see invisible
MPRegen 0.12/turn                l - ring of protection from fire

@: resistant, flying, hasted, very quick
A: high MP 1, forlorn, divine attributes
a: no special abilities


You were in an ossuary.
You visited 1 branch of the dungeon, and saw 4 of its levels.
You also visited: Ossuary.

You collected 302 gold pieces.


Innate Abilities, Weirdness & Mutations

You have an increased reservoir of magic. (+10% MP)
You shall have no god before yourself.
Your divine heritage dramatically boosts your attributes as you level up.


   Skills:
 - Level 0.8 Fighting
 * Level 4.4 Ranged Weapons
 + Level 3.3 Dodging
 + Level 2.9 Stealth
 - Level 1.0 Spellcasting
 - Level 2.6 Hexes


You had 6 spell levels left.
You knew the following spells:

 Your Spells              Type           Power      Damage    Failure   Level
a - Slow                  Hex            32%        N/A       11%         1

Your spell library contained the following spells:

 Spells                   Type           Power      Damage    Failure   Level
 Kiss of Death            Conj/Necr      0%         2d5       32%         1
 Confusing Touch          Hex            8%         N/A       32%         3
 Inner Flame              Hex/Fire       4%         N/A       50%         3
 Portal Projectile        Hex/Tloc       8%         N/A       50%         3
 Cause Fear               Hex            4%         N/A       73%         4
 Dispel Undead            Necr           0%         3d6       97%         4
 Flame Wave               Conj/Fire      0%         2d4       97%         4
 Sticky Flame             Conj/Fire      0%         2d3       97%         4

Inventory:

Hand Weapons
 a - a +2 whip of venom (weapon)
   (You took it off a kobold on level 2 of the Dungeon)
 b - a +1 sling
 E - a +2 dagger of venom
   (You took it off an orc on level 4 of the Dungeon)
Missiles
 k - 4 poisoned darts (quivered)
Armour
 n - a +0 buckler (worn)
   (You found it on level 2 of the Dungeon)
 p - a +0 cloak (worn)
   (You found it on level 2 of the Dungeon)
 v - a +2 robe of willpower (worn)
   (You took it off Jessica on level 2 of the Dungeon)
 x - a +0 pair of boots (worn)
   (You found it on level 2 of the Dungeon)
 A - the +2 robe "Ynipad" {rC+}
   (You took it off a goblin on level 3 of the Dungeon)

   rC:        It protects you from cold.
 B - a +2 pair of gloves (worn)
   (You found it on level 3 of the Dungeon)
 D - a +0 helmet
   (You found it on level 4 of the Dungeon)
Jewellery
 f - a ring of see invisible (left hand)
   (You found it on level 1 of the Dungeon)
 l - a ring of protection from fire (right hand)
   (You found it on level 2 of the Dungeon)
Wands
 c - a wand of mindburst (5)
   (You found it on level 3 of the Dungeon)
Scrolls
 d - 3 scrolls of magic mapping {unknown}
 i - a scroll of fear
 w - a scroll of teleportation
 y - a scroll of blinking {unknown}
Potions
 g - a potion of degeneration {unknown}
 h - a potion of haste
 j - a potion of cancellation {unknown}
 o - a potion of flight
 r - a potion of invisibility {unknown}
 s - a potion of curing {unknown}
 u - 2 potions of resistance
 z - a potion of mutation {unknown}

Dungeon Overview and Level Annotations

Branches:
Dungeon (4/15)            Ossuary (1/1)
 Temple: D:4-7

Annotations:
D:4 exclusion: water moccasin

#....#
#....#
#....#
#....#
#....#
#....#
#Z...#
#MM..#
#@∩∩.#
######


You could see 2 mummies and a hobgoblin zombie.


Message History

The kobold is severely wounded.
The kobold closely misses you.
You whack the kobold!
You kill the kobold!
You see here a +3 whip.
Your +2 whip of venom stops dripping with poison.
b - a +1 sling (weapon)
HP restored.
r - a bubbling brown potion
s - a glowing coppery potion You now have 165 gold pieces (gained 4).
You now have 178 gold pieces (gained 13).
You pick up a book of Flames and begin reading...
You add the spells Sticky Flame and Flame Wave to your library.
Found a stone staircase leading up.
Found a stone staircase leading down.
t - a scroll labelled JOLIER OJAOGESK
There is a stone staircase leading down here.
u - 2 amethyst potions
v - a scroll labelled KUYROL KURAW You open the door.
There is an open door here.
Found a stone staircase leading down.
There is a stone staircase leading down here.
A worm comes into view.
You shoot a sling bullet. The sling bullet hits the worm.
The worm is lightly wounded.
You shoot a sling bullet. The sling bullet hits the worm.
The worm is heavily wounded.
You shoot a sling bullet.
The sling bullet barely misses the worm.
You shoot a sling bullet. The sling bullet hits the worm.
The worm is heavily wounded.
The worm bites you but does no damage.
Your +2 whip of venom begins to drip with poison!
a - a +2 whip of venom (weapon)
You hit the worm.
The worm is poisoned.
The worm is almost dead.
The worm barely misses you.
You barely miss the worm.
The worm is almost dead.
You hit the worm.
You kill the worm!
No target in view!
Your +2 whip of venom stops dripping with poison.
b - a +1 sling (weapon)
Found 4 stones.
A rat comes into view.
You see here 5 gold pieces.
A rat is nearby!
You shoot a sling bullet. The sling bullet hits the rat.
You kill the rat!
No target in view!
No target in view!
You now have 183 gold pieces (gained 5).
A frilled lizard comes into view.
You shoot a sling bullet.
The sling bullet hits the frilled lizard.
You kill the frilled lizard!
No target in view!
No target in view!
v - 4 scrolls labelled KUYROL KURAW (gained 3)
You see here a frilled lizard corpse.
You see here a +0 dagger.
A kobold comes into view. It is wielding a +0 short sword.
Found 5 gold pieces.
You shoot a sling bullet. The sling bullet hits the kobold.
The kobold shouts!
The kobold is moderately wounded.
The kobold throws a stone.
The stone barely misses you.
You shoot a sling bullet. The sling bullet hits the kobold.
The kobold is severely wounded.
You shoot a sling bullet. The sling bullet hits the kobold.
You kill the kobold!
No target in view!
No target in view!
Things that are here:
a +0 short sword; 2 stones; a kobold corpse You now have 188 gold pieces (gained 5).
You see here 4 stones.
A frilled lizard comes into view.
The frilled lizard moves out of view.
No target in view!
You shoot a sling bullet.
The sling bullet barely misses the frilled lizard.
The frilled lizard hisses angrily.
The frilled lizard closely misses you.
You shoot a sling bullet.
The sling bullet hits the frilled lizard.
The frilled lizard is heavily wounded.
The frilled lizard misses you.
You shoot a sling bullet.
The sling bullet hits the frilled lizard.
You kill the frilled lizard!
No target in view!
A goblin comes into view. It is wielding a +0 dagger.
You shoot a sling bullet. The sling bullet hits the goblin.
The goblin shouts!
The goblin is moderately wounded.
A rat comes into view.
The rat moves out of view.
You shoot a sling bullet. The sling bullet hits the goblin.
The goblin is heavily wounded.
You shoot a sling bullet.
The sling bullet barely misses the goblin.
The sling bullet hits the rat!
You kill the rat!
You shoot a sling bullet. The sling bullet hits the goblin!
You kill the goblin!
No target in view!
No target in view!
Found a pair of boots.
w - a scroll labelled QOTRITS IGGA You see here a +0 pair of boots.
x - a +0 pair of boots You start putting on your armour.
You continue putting on your +0 pair of boots. x4
You finish putting on your +0 pair of boots.
z - a smoky silvery potion A frilled lizard comes into view.
You shoot a sling bullet.
The sling bullet hits the frilled lizard.
You kill the frilled lizard!
No target in view!
No target in view!
No target in view!
Done exploring.
Search for what [Enter for "d:", or ? for help]? helm Can't find anything matching that.
Search for what [Enter for "helm", or ? for help]? d: Unknown command.
There is a stone staircase leading down here.
You climb downwards.
Found 6 stones and 7 gold pieces.
Found a stone staircase leading down and two stone staircases leading up.
There is a stone staircase leading up here.
As you read the scroll labelled KUYROL KURAW, it crumbles to dust.
It is a scroll of identify.
e - a scroll of enchant armour
As you read the scroll of identify, it crumbles to dust.
i - a scroll of fear
As you read the scroll of identify, it crumbles to dust.
q - a scroll of noise
As you read the scroll of identify, it crumbles to dust.
t - a scroll of vulnerability Jessica the Apprentice Sorceress comes into view.
She is wielding a +0 dagger and wearing a +2 robe of willpower.
Found a short sword.
Jessica shouts!
Jessica shouts, "You're disturbing me!
I'll have to kill you!"
You shoot a sling bullet. The sling bullet hits Jessica.
Jessica is heavily wounded.
Jessica casts a spell at you. You resist with some effort.
You shoot a sling bullet.
The sling bullet closely misses Jessica.
A worm comes into view.
You shoot a sling bullet. The sling bullet hits Jessica.
Jessica is severely wounded.
Jessica mumbles some strange words.
Jessica blinks!
You shoot a sling bullet. The sling bullet hits the worm.
The worm is moderately wounded.
Jessica gestures at you while chanting. Pain shoots through your body!
There is a stone staircase leading up here.
Jessica drinks a potion.
Jessica seems to speed up.
You climb upwards.
There is a stone staircase leading down here.
Your +2 whip of venom begins to drip with poison!
a - a +2 whip of venom (weapon)
You closely miss Jessica.
Jessica is heavily wounded.
Jessica closely misses you. x2
You hit Jessica.
Jessica is poisoned.
Jessica is severely wounded.
Jessica points at you and mumbles some strange words.
You barely resist. Jessica hits you but does no damage.
You closely miss Jessica.
Jessica is severely wounded.
Jessica barely misses you.
You hit Jessica but do no damage.
Jessica looks as sick as possible!
Jessica is severely wounded.
Jessica hits you with a +0 dagger.
Jessica mumbles some strange words.
Jessica blinks!
You feel a bit more experienced.
Your Ranged Weapons skill increases to level 3!
You see here a +0 dagger.
Things that are here:
a +0 dagger; a +2 robe of willpower; the human corpse of Jessica You see here a +0 dagger.
You see here a +0 dagger.
Things that are here:
a +0 dagger; a +2 robe of willpower; the human corpse of Jessica
v - a +2 robe of willpower You see here a +0 dagger.
You start removing your armour.
You continue taking off your +0 robe. x4
You finish taking off your +0 robe.
You start putting on your armour.
You continue putting on your +2 robe of willpower. x5
You finish putting on your +2 robe of willpower.
You feel strong-willed.
You drop a +0 robe.
There is a stone staircase leading down here.
You start resting.
HP restored.
You climb downwards.
There is a stone staircase leading up here.
You hit the worm.
The worm is poisoned.
The worm is lightly wounded.
You hit the worm.
The worm looks as sick as possible!
The worm is heavily wounded.
You block the worm's attack.
You hit the worm but do no damage.
The worm looks as sick as possible!
The worm is heavily wounded.
The worm bites you.
You whack the worm!
You kill the worm!
Your +2 whip of venom stops dripping with poison.
b - a +1 sling (weapon)
HP restored.
You now have 195 gold pieces (gained 7).
A frilled lizard comes into view.
A frilled lizard is nearby!
You shoot a sling bullet.
The sling bullet hits the frilled lizard.
You kill the frilled lizard!
No target in view!
No target in view!
You see here a frilled lizard corpse.
You now have 207 gold pieces (gained 12).
d - 3 scrolls labelled VIDGHU ZISYEWK (gained 1)
An iguana comes into view.
You shoot a sling bullet. The sling bullet hits the iguana.
The iguana hisses angrily.
The iguana is lightly wounded.
You shoot a sling bullet.
The sling bullet closely misses the iguana.
You shoot a sling bullet.
The sling bullet hits the iguana but does no damage.
The iguana is lightly wounded.
You shoot a sling bullet. The sling bullet hits the iguana.
The iguana is moderately wounded.
You shoot a sling bullet.
The sling bullet closely misses the iguana.
You shoot a sling bullet.
The sling bullet hits the iguana but does no damage.
The iguana is moderately wounded.
The iguana barely misses you.
Your +2 whip of venom begins to drip with poison!
a - a +2 whip of venom (weapon)
The iguana barely misses you.
You hit the iguana.
The iguana is poisoned.
The iguana is moderately wounded.
The iguana bites you.
You hit the iguana.
The iguana looks as sick as possible!
The iguana is heavily wounded.
The iguana closely misses you.
You hit the iguana but do no damage.
The iguana looks as sick as possible!
The iguana is severely wounded.
The iguana barely misses you.
You barely miss the iguana.
The iguana is severely wounded.
The iguana bites you.
You barely miss the iguana.
The iguana is severely wounded.
You block the iguana's attack. The iguana bites you.
You hit the iguana.
You kill the iguana!
You have reached level 4!
Your +2 whip of venom stops dripping with poison.
b - a +1 sling (weapon)
You now have 223 gold pieces (gained 16).
A kobold comes into view. It is wielding a +0 short sword.
The kobold shouts!
The kobold throws a stone.
The stone hits you but does no damage.
You shoot a sling bullet.
The sling bullet hits the kobold but does no damage.
The kobold throws a stone.
The stone hits you.
You shoot a sling bullet.
The sling bullet closely misses the kobold.
The kobold throws a stone.
The stone hits you.
You shoot a sling bullet. The sling bullet hits the kobold.
The kobold is severely wounded.
The kobold throws a stone.
The stone closely misses you.
You shoot a sling bullet.
The sling bullet hits the kobold but does no damage.
The kobold is severely wounded.
You shoot a sling bullet. The sling bullet hits the kobold!
You kill the kobold!
Your +2 whip of venom begins to drip with poison!
a - a +2 whip of venom (weapon)
Your +2 whip of venom stops dripping with poison.
b - a +1 sling (weapon)
Things that are here:
a +0 short sword; 5 stones A rat comes into view.
You shoot a sling bullet. The sling bullet barely misses the rat.
You shoot a sling bullet. The sling bullet hits the rat.
You kill the rat!
An endoplasm comes into view.
You shoot a sling bullet. The endoplasm quivers.
The sling bullet hits the endoplasm!
You kill the endoplasm!
No target in view!
A dart slug comes into view.
You shoot a sling bullet. The sling bullet hits the dart slug.
The dart slug is moderately wounded.
The dart slug launches a dart at you. The slug dart misses you.
You shoot a sling bullet.
The sling bullet hits the dart slug but does no damage.
The dart slug is moderately wounded.
You shoot a sling bullet. The sling bullet hits the dart slug.
The dart slug is moderately wounded.
You shoot a sling bullet. The sling bullet hits the dart slug.
The dart slug is severely wounded.
You shoot a sling bullet. The sling bullet hits the dart slug.
The dart slug is severely wounded.
The dart slug launches a dart at you.
The slug dart hits you but does no damage.
You shoot a sling bullet. The sling bullet hits the dart slug.
You kill the dart slug!
Your Stealth skill increases to level 2!
No target in view!
A frilled lizard comes into view.
You shoot a sling bullet.
The sling bullet hits the frilled lizard.
The frilled lizard hisses angrily.
The frilled lizard is heavily wounded.
You shoot a sling bullet.
The sling bullet misses the frilled lizard.
You shoot a sling bullet.
The sling bullet closely misses the frilled lizard.
The frilled lizard bites you but does no damage.
You shoot a sling bullet.
The sling bullet hits the frilled lizard!
You kill the frilled lizard!
Your +2 whip of venom begins to drip with poison!
a - a +2 whip of venom (weapon)
No target in view!
Your +2 whip of venom stops dripping with poison.
b - a +1 sling (weapon)
Found a war axe.
u - 3 amethyst potions (gained 1)
You see here a +0 war axe.
An orc comes into view. It is wielding a +0 dagger.
You shoot a sling bullet. The sling bullet hits the orc.
The orc shouts!
The orc is severely wounded.
You shoot a sling bullet. The sling bullet hits the orc.
You kill the orc!
You now have 236 gold pieces (gained 13).
Found a stone staircase leading down.
There is a stone staircase leading down here.
c - a wand of mindburst (11)
Found 6 stones.
You now have 254 gold pieces (gained 18).
Found a stone staircase leading down.
A bat comes into view.
You see here a scroll labelled VESIANE PAUDGH.
You shoot a sling bullet. The sling bullet hits the bat.
The bat is severely wounded.
You shoot a sling bullet. The sling bullet misses the bat.
The bat hits you but does no damage.
You shoot a sling bullet. The sling bullet hits the bat.
You kill the bat!
No target in view!
y - a scroll labelled VESIANE PAUDGH An orc comes into view.
It is wielding a +0 falchion.
You shoot a sling bullet. The sling bullet hits the orc.
The orc shouts!
The orc is lightly wounded.
You shoot a sling bullet. The sling bullet hits the orc!
You kill the orc!
A goblin comes into view.
It is wielding a +0 club and wearing the +2 robe "Ynipad" {rC+}.
You shoot a sling bullet. The goblin shouts!
The sling bullet hits the goblin.
The goblin is heavily wounded.
You shoot a sling bullet.
The sling bullet completely misses the goblin.
You shoot a sling bullet. The sling bullet hits the goblin.
The goblin is severely wounded.
You shoot a sling bullet.
The sling bullet closely misses the goblin.
The goblin throws a stone.
The stone hits you but does no damage.
You shoot a sling bullet. The sling bullet hits the goblin.
You kill the goblin!
You now have 275 gold pieces (gained 21).
Things that are here:
a +0 club; 7 stones; the +2 robe "Ynipad" {rC+}
A - the +2 robe "Ynipad" {rC+}
Found a faded altar of an unknown god.
Things that are here:
a +0 club; 7 stones
There is a stone staircase leading down here.
There is a stone staircase leading up, spattered with blood here.
There is a stone staircase leading up here.
Found 6 stones.
m - 3 scrolls of poison (gained 1)
You see here 6 stones.
You see here a +2 pair of gloves.
B - a +2 pair of gloves You start removing your armour.
You continue taking off your +1 pair of gloves. x4
You finish taking off your +1 pair of gloves.
You start putting on your armour.
You continue putting on your +2 pair of gloves. x5
You finish putting on your +2 pair of gloves.
You drop a +1 pair of gloves.
Done exploring.
There is a stone staircase leading down here.
Unknown command.
You climb downwards.
You hear the hiss of flowing sand.
There is an entrance to an ossuary on this level.
Hurry and find it before the portal is buried!
Found a stone staircase leading up.
There is a stone staircase leading up here.
Okay, then.
Unknown command.
Found a quarterstaff.
Found a whip.
A giant cockroach comes into view.
Found an escape hatch in the ceiling.
You shoot a sling bullet.
The sling bullet hits the giant cockroach.
The giant cockroach is heavily wounded.
You shoot a sling bullet.
The sling bullet closely misses the giant cockroach.
You shoot a sling bullet.
The sling bullet barely misses the giant cockroach.
You shoot a sling bullet.
The sling bullet hits the giant cockroach.
You kill the giant cockroach!
You see here a giant cockroach corpse.
A quokka and an iguana come into view.
The iguana hisses angrily.
The quokka moves out of view.
You shoot a sling bullet.
The sling bullet hits the iguana but does no damage.
You shoot a sling bullet.
The sling bullet closely misses the iguana.
You shoot a sling bullet.
The sling bullet closely misses the iguana.
You shoot a sling bullet.
The sling bullet barely misses the iguana.
Your +2 whip of venom begins to drip with poison!
a - a +2 whip of venom (weapon)
You barely miss the iguana. The iguana barely misses you.
You barely miss the iguana. The iguana misses you.
You hit the iguana but do no damage. The iguana bites you!
You hit the iguana.
The iguana is poisoned.
The iguana is lightly wounded.
The iguana closely misses you.
You hit the iguana.
The iguana looks even sicker.
The iguana is heavily wounded.
The iguana misses you. The iguana bites you.
You hit the iguana but do no damage.
The iguana looks as sick as possible!
The iguana is heavily wounded.
The iguana bites you.
An iguana comes into view.
You hit the iguana.
The iguana is almost dead.
The iguana bites you!
* * * LOW HITPOINT WARNING * * *
You barely miss the iguana.
The iguana is almost dead.
You kill the iguana!
Aiming: Mindburst
Press: ? - help, Shift-Dir - straight line, f - iguana
Aim: an iguana (chance to affect: 72%)
The iguana's mind is blasted!
Aiming: Mindburst
Press: ? - help, Shift-Dir - straight line, f/p - iguana
Aim: an iguana (severely wounded, chance to affect: 72%)
The iguana's mind is blasted!!
You blow up the iguana!
You have reached level 5!
Found 5 poisoned darts and 15 gold pieces.
Your +2 whip of venom stops dripping with poison.
b - a +1 sling (weapon)
You hear the slow hiss of a very distant avalanche of sand.
You now have 290 gold pieces (gained 15).
Found a robe.
You open the door.
Found an orange potion.
There is an open door here.
g - an orange potion You open the door.
Found a stone staircase leading down.
There is an open door here.
An endoplasm comes into view.
You shoot a sling bullet. The sling bullet hits the endoplasm.
The endoplasm quivers.
The endoplasm is lightly wounded.
A ball python comes into view.
You shoot a sling bullet. The ball python hisses angrily.
The sling bullet hits the endoplasm.
You kill the endoplasm!
You shoot a sling bullet.
The sling bullet barely misses the ball python.
You shoot a sling bullet. The sling bullet hits the ball python.
You kill the ball python!
Found 3 scrolls of identify.
You open the door.
There is an open door here.
You hear the slow hiss of a very distant avalanche of sand.
A quokka comes into view.
You shoot a sling bullet. The sling bullet hits the quokka.
The quokka is lightly wounded.
You hear a shout!
An ogre comes into view. It is wielding a +0 giant club.
You shoot a sling bullet. The sling bullet hits the quokka!
You kill the quokka!
Throw: 6 darts (poison)
Press: ? - help, Q - select action, (/) - cycle Shift-Dir - straight line, f - ogre
Aim: an ogre, wielding a +0 giant club (75% to hit)
You throw a poisoned dart. The poisoned dart hits the ogre.
Throw: 5 darts (poison)
Press: ? - help, Q - select action, (/) - cycle Shift-Dir - straight line, f/p - ogre
Aim: an ogre, wielding a +0 giant club (75% to hit)
You throw a poisoned dart. The poisoned dart hits the ogre.
The ogre is poisoned.
Aiming: Mindburst
Press: ? - help, Shift-Dir - straight line, f/p - ogre
Aim: an ogre, wielding a +0 giant club (poisoned, chance to affect: 64%)
The ogre's mind is blasted!
Aiming: Mindburst
Press: ? - help, Shift-Dir - straight line, f/p - ogre
Aim: an ogre, wielding a +0 giant club (moderately wounded, poisoned, chance to affect: 64%)
The ogre struggles to resist.
Aiming: Mindburst
Press: ? - help, Shift-Dir - straight line, f/p - ogre
Aim: an ogre, wielding a +0 giant club (moderately wounded, poisoned, chance to affect: 64%)
The ogre's mind is blasted!
Aiming: Mindburst
Press: ? - help, Shift-Dir - straight line, f/p - ogre
Aim: an ogre, wielding a +0 giant club (severely wounded, poisoned, chance to affect: 64%)
The ogre's mind is blasted!
You blow up the ogre!
Your Ranged Weapons skill increases to level 4!
Your Dodging skill increases to level 3!
You see here a +0 giant club.
Found a scroll of identify.
You shoot a sling bullet. The sling bullet hits the quokka.
The quokka is severely wounded.
You shoot a sling bullet.
The sling bullet barely misses the quokka.
You shoot a sling bullet. The sling bullet hits the quokka.
You kill the quokka!
You see here a quokka corpse.
An endoplasm comes into view.
You shoot a sling bullet. The sling bullet hits the endoplasm.
The endoplasm quivers.
The endoplasm is lightly wounded.
You shoot a sling bullet. The sling bullet hits the endoplasm.
The endoplasm is almost dead.
You shoot a sling bullet.
The sling bullet hits the endoplasm but does no damage.
The endoplasm is almost dead.
You shoot a sling bullet. The sling bullet hits the endoplasm.
You kill the endoplasm!
Found a glowing orb.
Found a stone staircase leading up.
You hear the hiss of a distant avalanche of sand.
Found a shadowy altar of Dithmenos.
Found a short sword.
A water moccasin comes into view.
A hobgoblin comes into view.
You shoot a sling bullet. The sling bullet hits the hobgoblin!
You kill the hobgoblin!
A ball python comes into view.
A goblin comes into view. It is wielding a +2 dagger of freezing.
The ball python moves out of view.
The goblin shouts!
You shoot a sling bullet. The sling bullet hits the goblin.
You kill the goblin!
Press: ? - help, v - describe, . - travel, g - get item Item here: a +2 dagger of freezing.
The floor.
Unknown command.
Found a scroll of identify.
Found a club.
You shoot a sling bullet. The ball python hisses angrily.
The sling bullet hits the ball python.
You kill the ball python!
C - a scroll of identify
Found an orange potion.
Found a scroll labelled QOTRITS IGGA.
You hear the hiss of a distant avalanche of sand.
You open the door.
Found a stone staircase leading down.
Found a helmet.
Found an escape hatch in the floor.
There is an open door here.
Unknown command.
You see here a +0 helmet.
D - a +0 helmet An orc comes into view. It is wielding a +0 flail.
You shoot a sling bullet.
The sling bullet hits the orc but does no damage.
The orc shouts!
You shoot a sling bullet. The sling bullet hits the orc.
The orc is almost dead.
You shoot a sling bullet. The sling bullet barely misses the orc.
An orc comes into view. It is wielding a +0 hand axe.
An orc comes into view. It is wielding a +0 whip.
The orc moves out of view.
You shoot a sling bullet. The orc shouts!
The sling bullet hits the orc.
You kill the orc!
You shoot a sling bullet. The orc shouts!
The sling bullet hits the orc!
You kill the orc!
You shoot a sling bullet.
The sling bullet hits the orc but does no damage.
You shoot a sling bullet. The sling bullet hits the orc.
The orc is lightly wounded.
You shoot a sling bullet. The sling bullet barely misses the orc.
You shoot a sling bullet.
The sling bullet hits the orc but does no damage.
The orc is lightly wounded.
You shoot a sling bullet.
The sling bullet closely misses the orc.
The orc hits you with a +0 hand axe.
Your +2 whip of venom begins to drip with poison!
a - a +2 whip of venom (weapon)
The orc barely misses you.
You hit the orc but do no damage.
The orc is poisoned.
The orc is lightly wounded.
You block the orc's attack.
You hit the orc.
You kill the orc!
Your +2 whip of venom stops dripping with poison.
b - a +1 sling (weapon)
You now have 302 gold pieces (gained 12).
Things that are here:
a +0 hand axe; a +0 ring mail
Things that are here:
a +0 whip; an orc corpse You open the door. 2 orcs come into view.
You shoot a sling bullet. The sling bullet hits the orc.
The orc shouts!
The orc is heavily wounded.
The orc shouts!
You hear a shout!
The orc completely misses you.
An orc comes into view. It is wielding a +0 club.
Your +2 whip of venom begins to drip with poison!
a - a +2 whip of venom (weapon)
You hit the orc but do no damage.
The orc is poisoned.
The orc is heavily wounded.
You hit the orc.
The orc is poisoned.
The orc is moderately wounded.
You hit the orc.
You kill the orc!
An orc comes into view. It is wielding a +2 dagger of venom.
You barely miss the orc.
The orc is severely wounded.
You kill the orc!
The orc hits you but does no damage.
You hit the orc.
The orc is poisoned.
The orc is moderately wounded.
You hit the orc.
You kill the orc!
The orc completely misses you.
You completely miss the orc. The orc hits you but does no damage.
You are poisoned.
You hit the orc.
The orc is poisoned.
The orc is severely wounded.
You feel sick.
The orc hits you with a +2 dagger of venom.
You are more poisoned.
You whack the orc!
You kill the orc!
You feel very sick.
Found a buckler and 6 gold pieces.
You feel sick.
Things that are here:
a +0 club; a +0 leather armour You feel sick.
There is an open door here.
Items here: ))) [ †††.
E - a +2 dagger of venom You hear the brisk hiss of a distant avalanche of sand.
You feel sick.
You feel sick.
You feel sick.
You feel sick.
You feel sick.
You feel sick.
You are no longer poisoned.
Things that are here:
a +0 flail; a +0 chain mail; an orc corpse You open the door.
There is an open door here.
You open the door.
A kobold comes into view. It is wielding a +0 club.
There is an open door here.
You closely miss the kobold. The kobold closely misses you.
You whack the kobold!
You kill the kobold!
Your +2 whip of venom stops dripping with poison.
b - a +1 sling (weapon)
There is an open door here.
There is an open door here.
You see here a +2 dagger of freezing.
You hear the brisk hiss of a distant avalanche of sand.
Found a murky white potion.
You open the door.
There is an open door here.
You open the door.
A human skeleton comes into view.
Okay, then.
Unknown command.
You shoot a sling bullet.
The sling bullet hits the human skeleton.
The human skeleton is lightly damaged.
You shoot a sling bullet.
The sling bullet hits the human skeleton.
The human skeleton is moderately damaged.
You shoot a sling bullet.
The sling bullet completely misses the human skeleton.
The human skeleton completely misses you.
You shoot a sling bullet.
The sling bullet completely misses the human skeleton.
You block the human skeleton's attack.
You shoot a sling bullet.
The sling bullet hits the human skeleton!
The human skeleton is heavily damaged.
The human skeleton hits you but does no damage.
You shoot a sling bullet.
The sling bullet hits the human skeleton.
The human skeleton is severely damaged.
You block the human skeleton's attack.
You shoot a sling bullet.
The sling bullet hits the human skeleton!
The human skeleton is almost destroyed.
The human skeleton closely misses you.
You shoot a sling bullet.
The sling bullet hits the human skeleton!
The human skeleton is almost destroyed.
The human skeleton barely misses you.
You shoot a sling bullet.
The sling bullet barely misses the human skeleton.
The human skeleton hits you.
You shoot a sling bullet.
The sling bullet hits the human skeleton but does no damage.
The human skeleton is almost destroyed.
The human skeleton misses you.
You shoot a sling bullet.
The sling bullet barely misses the human skeleton.
The human skeleton hits you.
You shoot a sling bullet.
The sling bullet hits the human skeleton.
You destroy the human skeleton!
There is an open door here.
You open the door.
There is an open door here.
You open the door.
Your +2 dagger of venom begins to drip with poison!
E - a +2 dagger of venom (weapon)
As you open the door, it creaks loudly!
An orc zombie comes into view.
You barely miss the orc zombie.
Your +2 dagger of venom stops dripping with poison.
Your +2 whip of venom begins to drip with poison!
a - a +2 whip of venom (weapon)
The orc zombie barely misses you.
You hit the orc zombie.
The orc zombie is severely damaged.
You block the orc zombie's attack.
You whack the orc zombie!
You destroy the orc zombie!
As you open the door, it creaks loudly!
You hear the brisk hiss of an avalanche of sand.
There is an open door here.
You open the door.
An orc zombie comes into view.
Found a sand-covered staircase.
Press: ? - help, v - describe, . - travel
Here: an orc zombie (dormant)
A sand-covered staircase.
Unknown command.
There is an open door here.
Your +2 whip of venom stops dripping with poison.
Your +2 dagger of venom begins to drip with poison!
E - a +2 dagger of venom (weapon)
The orc zombie hits you but does no damage.
Your +2 dagger of venom stops dripping with poison.
Your +2 whip of venom begins to drip with poison!
a - a +2 whip of venom (weapon)
You hit the orc zombie but do no damage.
The orc zombie closely misses you.
You hit the orc zombie.
The orc zombie is moderately damaged.
The orc zombie hits you but does no damage.
You whack the orc zombie!
You destroy the orc zombie!
There is a sand-covered staircase here.
You drop a scroll of enchant armour.
HP restored.
You drop 3 scrolls of poison.
You drop a scroll of noise.
You drop a scroll of vulnerability.
The world spins around you as you enter the gateway.
You enter an ossuary!
Found a gate leading back out of this place.
There is an empty arch of ancient stone here.
As you read the scroll of identify, it crumbles to dust.
w - a scroll of teleportation Your +2 whip of venom stops dripping with poison.
b - a +1 sling (weapon)
A gnoll zombie comes into view.
You shoot a sling bullet.
The sling bullet barely misses the gnoll zombie.
An orc zombie comes into view. x2
There is an empty arch of ancient stone here.
A kobold zombie comes into view.
You shoot a sling bullet.
The sling bullet hits the gnoll zombie but does no damage.
Okay, then.
Aiming: Mindburst
Press: ? - help, Shift-Dir - straight line, f/p - gnoll zombie
Aim: a gnoll zombie (not susceptible)
Okay, then.
Unknown command.
Okay, then.
Press: ? - help, v - describe, . - travel
Here: a gnoll zombie The floor.
You shoot a sling bullet. The sling bullet hits the gnoll zombie.
The gnoll zombie is moderately damaged.
You shoot a sling bullet. The sling bullet hits the gnoll zombie.
The gnoll zombie is heavily damaged.
You shoot a sling bullet. The sling bullet hits the gnoll zombie.
The gnoll zombie is severely damaged.
Your +2 whip of venom begins to drip with poison!
a - a +2 whip of venom (weapon)
You hit the gnoll zombie.
The gnoll zombie is almost destroyed.
The gnoll zombie hits you but does no damage.
You whack the gnoll zombie!
You destroy the gnoll zombie!
The orc zombie misses you.
A gnoll zombie comes into view.
You barely miss the orc zombie. The orc zombie closely misses you. x2
You hit the orc zombie.
The orc zombie is moderately damaged.
The orc zombie hits you but does no damage.
You block the orc zombie's attack.
You hit the orc zombie.
The orc zombie is severely damaged.
The orc zombie misses you. The orc zombie closely misses you.
You hit the orc zombie.
You destroy the orc zombie!
You hit the kobold zombie.
The kobold zombie is lightly damaged.
You block the orc zombie's attack.
The kobold zombie hits you but does no damage.
You whack the kobold zombie!
The kobold zombie is almost destroyed.
The orc zombie barely misses you.
You hit the kobold zombie.
You destroy the kobold zombie!
The orc zombie hits you but does no damage.
You hit the gnoll zombie.
The gnoll zombie is lightly damaged.
The gnoll zombie barely misses you.
The orc zombie hits you but does no damage.
You hit the gnoll zombie.
The gnoll zombie is heavily damaged.
The gnoll zombie hits you but does no damage.
The orc zombie hits you but does no damage.
You hit the gnoll zombie.
The gnoll zombie is almost destroyed.
The orc zombie barely misses you. You block the gnoll zombie's attack.
You hit the gnoll zombie.
The gnoll zombie is almost destroyed.
You block the orc zombie's attack.
The gnoll zombie hits you but does no damage.
You hit the gnoll zombie.
You destroy the gnoll zombie!
You block the orc zombie's attack.
You hit the orc zombie.
The orc zombie is severely damaged.
You block the orc zombie's attack.
You hit the orc zombie.
You destroy the orc zombie!
Your +2 whip of venom stops dripping with poison.
b - a +1 sling (weapon)
2 mummies and a kobold zombie come into view.
You shoot a sling bullet.
The sling bullet hits the mummy but does no damage.
A mummy comes into view.
A hobgoblin zombie comes into view.
Fire: b) +1 sling
Press: ? - help, Q - select action, (/) - cycle Shift-Dir - straight line, f - hobgoblin zombie
Aim: a hobgoblin zombie (79% to hit)
You shoot a sling bullet.
The sling bullet hits the hobgoblin zombie!
The hobgoblin zombie is severely damaged.
Fire: b) +1 sling
Press: ? - help, Q - select action, (/) - cycle Shift-Dir - straight line, f - mummy, p - hobgoblin zombie
Aim: a mummy (76% to hit)
You shoot a sling bullet. The sling bullet hits the mummy.
The mummy is lightly damaged.
Fire: b) +1 sling
Press: ? - help, Q - select action, (/) - cycle Shift-Dir - straight line, f/p - mummy
Aim: a mummy (lightly damaged, 76% to hit)
You shoot a sling bullet. The sling bullet hits the mummy.
The mummy is heavily damaged.
Fire: b) +1 sling
Press: ? - help, Q - select action, (/) - cycle Shift-Dir - straight line, f - mummy, p - mummy
Aim: a mummy (76% to hit)
You shoot a sling bullet.
The sling bullet hits the kobold zombie.
The kobold zombie is lightly damaged.
Fire: b) +1 sling
Press: ? - help, Q - select action, (/) - cycle Shift-Dir - straight line, f/p - mummy
Aim: a mummy (76% to hit)
You shoot a sling bullet.
The sling bullet hits the kobold zombie.
The kobold zombie is moderately damaged.
Fire: b) +1 sling
Press: ? - help, Q - select action, (/) - cycle Shift-Dir - straight line, f - mummy, p - mummy
Aim: a mummy (heavily damaged, 76% to hit)
You shoot a sling bullet.
The sling bullet hits the kobold zombie but does no damage.
The kobold zombie is moderately damaged.
Your +2 whip of venom begins to drip with poison!
a - a +2 whip of venom (weapon)
The kobold zombie hits you but does no damage.
You hit the hobgoblin zombie.
You destroy the hobgoblin zombie!
The kobold zombie barely misses you.
You hit the kobold zombie.
The kobold zombie is almost destroyed.
The kobold zombie hits you but does no damage.
You whack the kobold zombie!
You destroy the kobold zombie!
A mummy comes into view.
You hit the mummy.
The mummy is heavily damaged.
You barely miss the mummy.
The mummy is heavily damaged.
The mummy barely misses you.
You hit the mummy.
The mummy is severely damaged.
The mummy closely misses you.
You hit the mummy but do no damage.
The mummy is severely damaged.
The mummy hits you. The mummy misses you.
You hit the mummy.
The mummy is almost destroyed.
The mummy barely misses you.
You hit the mummy.
The mummy is almost destroyed.
The mummy closely misses you.
You hit the mummy but do no damage.
The mummy is almost destroyed.
You block the mummy's attack. The mummy closely misses you.
You barely miss the mummy.
The mummy is almost destroyed.
The mummy hits you.
You hit the mummy.
You destroy the mummy!
You have reached level 6!
Your experience leads to a dramatic increase in your attributes!
Increase (S)trength, (I)ntelligence, or (D)exterity?
You feel agile. x4
You hit the mummy.
The mummy is lightly damaged.
The mummy barely misses you. The mummy hits you.
You barely miss the mummy.
The mummy is lightly damaged.
A hobgoblin zombie comes into view.
The mummy barely misses you.
You hit the mummy.
The mummy is moderately damaged.
The mummy completely misses you.
You hit the mummy.
The mummy is heavily damaged.
The mummy hits you. The mummy hits you!
You hit the mummy.
The mummy is heavily damaged.
The mummy hits you!
* * * LOW HITPOINT WARNING * * *
You feel yourself speed up. The mummy hits you!
* * * LOW HITPOINT WARNING * * *
It was a potion of resistance.
You feel protected. You block the mummy's attack.
It was a potion of flight.
You feel very buoyant.
You fly up into the air.
The mummy hits you!
You die...

Skill      XL: |  1  2  3  4  5 |
---------------+----------------+-----
Ranged Weapons | 2 3 4 |  4.4
Dodging        | 2 3 |  3.3
Stealth        | 1 2 |  2.9
Fighting       | |  0.8
Spellcasting   | |  1.0
Hexes          | |  2.6

Action                     |  1- 3 |  4- 6 || total
---------------------------+-------+-------++-------
  Melee: Whip              |    23 |    59 ||    82
         Dagger            |       |     1 ||     1
   Fire: Sling             |   100 |    89 ||   189
  Throw: Dart              |       |     2 ||     2
  Evoke: Wand              |       |     6 ||     6
    Use: Scroll            |     4 |     1 ||     5
         Potion            |       |     3 ||     3
 Armour: Robe              |     4 |    20 ||    24
  Dodge: Dodged            |    28 |    34 ||    62
  Block: Buckler           |     3 |    12 ||    15

Levels and vault maps discovered:
D:1:      dpeg_arrival_line_fractal, layout_basic, minmay_gold_behind_fungi,
          corexii_item_surrounded_by_moat, minivault_26
D:2:      layout_basic
D:3:      layout_loops_ring, shapermc_ecumenical_altar_mp_highgroup,
          uniq_jessica
D:4:      layout_gridville, nicolae_dithmenos_shadow_blocks,
          nicolae_ossuary_entry_catacombs
Ossuary:  ossuary_tomb_3

Notes
Turn   | Place    | Note
-------+----------+-------------------------------------------
     0 | D:1      | scionoferis the Demigod Hexslinger began the quest for the
                  | Orb.
     0 | D:1      | Reached XP level 1. HP: 15/15 MP: 4/4
    75 | D:1      | Reached skill level 2 in Ranged Weapons
   217 | D:1      | Reached skill level 2 in Dodging
   279 | D:1      | Reached XP level 2. HP: 19/22 MP: 5/5
   720 | D:1      | Reached skill level 1 in Stealth
   864 | D:2      | Reached XP level 3. HP: 27/27 MP: 6/6
  1366 | D:3      | Noticed Jessica
  1379 | D:2      | Killed Jessica
  1380 | D:2      | Reached skill level 3 in Ranged Weapons
  1561 | D:3      | Reached XP level 4. HP: 22/34 MP: 8/8
  1672 | D:3      | Reached skill level 2 in Stealth
  1861 | D:3      | Identified the +2 robe "Ynipad" {rC+}
  2254 | D:4      | Reached XP level 5. HP: 14/39 MP: 9/9
  2334 | D:4      | Noticed an ogre
  2341 | D:4      | Killed an ogre
  2342 | D:4      | Reached skill level 4 in Ranged Weapons
  2342 | D:4      | Reached skill level 3 in Dodging
  2368 | D:4      | Noticed a water moccasin
  2558 | D:4      | Found a sand-covered staircase.
  2571 | Ossuary  | Entered an ossuary
  2632 | Ossuary  | Reached XP level 6. HP: 36/46 MP: 10/10
  2637 | Ossuary  | HP: 1/46 [mummy (8)]
  2638 | Ossuary  | Identified 3 potions of resistance
  2639 | Ossuary  | Mangled by a mummy

Vanquished Creatures
  An ogre (D:4)
  3 iguanas (D:3 D:4)
  Jessica (D:2)
  A human skeleton (D:4)
  A mummy (Ossuary)
  2 worms (D:2 D:3)
  4 dart slugs (D:1 D:2 D:3)
  9 orcs (D:3 D:4)
  4 ball pythons (D:2 D:4)
  5 bats (D:1 D:2 D:3)
  4 endoplasms (D:1 D:3 D:4)
  2 giant cockroaches (D:1 D:4)
  5 goblins (D:1 D:2 D:3 D:4)
  A hobgoblin (D:4)
  2 jackals (D:1)
  9 kobolds (D:1 D:2 D:3 D:4)
  4 quokkas (D:1 D:2 D:4)
  6 frilled lizards (D:2 D:3)
  2 gnoll zombies (Ossuary)
  A hobgoblin zombie (Ossuary)
  2 kobold zombies (Ossuary)
  4 orc zombies (D:4 Ossuary)
  7 rats (D:1 D:2 D:3)
80 creatures vanquished.

Vanquished Creatures (others)
  4 toadstools (D:1)
4 creatures vanquished.

Grand Total: 84 creatures vanquished

Table legend: (Time is in decaauts)
 A = Elapsed time spent in this place.
 B = Non-inter-level travel time spent in this place.
 C = Inter-level travel time spent in this place.
 D = Time resting spent in this place.
 E = Time spent auto-exploring this place.
 F = Levels seen in this place.
 G = Mean time per level.
                   A        B        C        D        E       F      G
               +--------+--------+--------+--------+--------+-----+--------+
         Total |   2687 |   2565 |    122 |      2 |   1717 |   5 |  537.4 |
       Dungeon |   2614 |   2492 |    122 |      2 |   1713 |   4 |  653.5 |
       Ossuary |     72 |     72 |      0 |      0 |      4 |   1 |   72.0 |
               +--------+--------+--------+--------+--------+-----+--------+

Top non-repeatable levels by time:
     D:3: 817 daAuts
     D:1: 793 daAuts
     D:2: 638 daAuts
     D:4: 365 daAuts
 Ossuary: 72 daAuts

Table legend:
 A = Non-vault XP
 B = Vault XP
 C = Vault XP percentage of total XP
 D = Non-vault monster count
 E = Vault monster count
 F = Vault count percentage of total count
                 A         B        C        D         E       F
            +---------+---------+-------+---------+---------+-------
      Total |     361 |     100 |  21.7 |      68 |      12 |  15.0
            +---------+---------+-------+---------+---------+-------
        D:1 |      31 |       0 |   0.0 |      15 |       0 |   0.0
        D:2 |      37 |      37 |  50.0 |      21 |       1 |   4.5
        D:3 |      63 |       0 |   0.0 |      12 |       0 |   0.0
        D:4 |     230 |      38 |  14.2 |      20 |       3 |  13.0
    Ossuary |       0 |      25 | 100.0 |       0 |       8 | 100.0
            +---------+---------+-------+---------+---------+-------
